 Dungeon Crawl Stone Soup version 0.22-a0-410-g97be04f (webtiles) character file.

14 Mgcat the Skirmisher (level 2, -1/24 HPs)
             Began as a Mummy Fighter on May 11, 2018.
             Slain by a worm (7 damage)
             ... on level 2 of the Dungeon.
             The game lasted 00:00:49 (337 turns).

Mgcat the Skirmisher (Mummy Fighter)                 Turns: 337, Time: 00:00:49

Health: -1/24      AC:  8    Str: 19    XL:     2   Next: 31%
Magic:  2/2        EV:  9    Int:  7    God:
Gold:   19         SH:  0    Dex: 11    Spells: 1/1 levels left

rFire    x . .     SeeInvis .   a - +0 flail
rCold    + . .     Gourm    .   (no shield)
rNeg     + + +     Faith    .   b - +1 scale mail
rPois    ∞         Spirit   .   (no helmet)
rElec    .         Reflect  .   (no cloak)
rCorr    .         Harm     .   (no gloves)
MR       .....                  (no boots)
Stlth    ..........             (no amulet)
HPRegen  0.08/turn              d - +1 ring of protection
MPRegen  0.08/turn              (no ring)

@: no status effects
A: no food or potions, fire vulnerability, cold resistance 1, negative energy
resistance 3, torment resistance, unbreathing
a: no special abilities


You were on level 2 of the Dungeon.
You were not hungry.

You visited 1 branch of the dungeon, and saw 2 of its levels.

You collected 19 gold pieces.

Inventory:

Hand Weapons
 a - a +0 flail (weapon)
Armour
 b - a +1 scale mail (worn)
 c - a +0 shield
Jewellery
 d - a +1 ring of protection (left hand)
   (You found it on level 1 of the Dungeon)


   Skills:
 + Level 3.4 Fighting
 + Level 2.0 Maces & Flails
 - Level 2.4 Armour
 - Level 2.4 Shields


You had one spell level left.
You didn't know any spells.

Dungeon Overview and Level Annotations

Branches:
Dungeon (1/15)

Altars:


Innate Abilities, Weirdness & Mutations

You do not eat or drink.
Your flesh is vulnerable to fire.
You are immune to poison.
Your flesh is cold resistant. (rC+)
You are immune to negative energy. (rN+++)
You are immune to unholy pain and torment.
You can survive without breathing.


Message History

The dart slug barely misses you.
You sock the dart slug!
You kill the dart slug!
Your Maces & Flails skill increases to level 2!
You have reached level 2!
d - a scratched iron ring Put on which piece of jewellery? (? for menu, Esc to quit)
d - a +1 ring of protection (left hand)
Found a stone staircase leading down.
A hobgoblin comes into view. It is wielding a club.
The hobgoblin shouts!
The hobgoblin hits you but does no damage.
You barely miss the hobgoblin. The hobgoblin closely misses you.
You hit the hobgoblin.
The hobgoblin is lightly wounded.
The hobgoblin hits you but does no damage. x2
You closely miss the hobgoblin.
The hobgoblin is lightly wounded.
The hobgoblin barely misses you.
You hit the hobgoblin.
You kill the hobgoblin!
No target in view!
No target in view!
No target in view!
Key pressed, stopping explore.
You now have 16 gold pieces (gained 3).
You see here a club.
You see here a robe.
You see here a ring mail.
You see here a dart slug corpse.
A kobold comes into view.
The kobold shouts!
The kobold throws a stone.
The stone hits you but does no damage.
You see here a stone.
The kobold throws a stone.
The stone hits you but does no damage.
You see here a stone.
You see here 3 gold pieces.
The kobold hits you.
A hobgoblin comes into view.
You sock the kobold!
You kill the kobold!
You see here a kobold corpse.
The hobgoblin hits you.
You hit the hobgoblin.
You kill the hobgoblin!
No target in view!
No target in view!
No target in view!
You see here a kobold corpse.
You now have 19 gold pieces (gained 3).
Key pressed, stopping explore.
You see here a hobgoblin corpse.
You fall through a shaft!
The shaft crumbles and collapses.
A worm and a kobold come into view.
The kobold shouts!
You hear a shout!
The kobold throws a stone.
The stone hits you but does no damage.
You see here a stone.
A kobold comes into view. It is wielding an enchanted whip.
The kobold shouts!
The kobold closely misses you.
You hit the kobold.
The kobold is severely wounded.
The kobold hits you but does no damage.
You barely miss the kobold.
The kobold is severely wounded.
The kobold hits you.
You sock the kobold!
You kill the kobold!
The worm bites you but does no damage.
You completely miss the worm. The worm bites you.
You are too injured to fight recklessly!
You are too injured to fight recklessly!
You are too injured to fight recklessly!
You are too injured to fight recklessly!
You are too injured to fight recklessly!
You closely miss the kobold. The kobold closely misses you.
The worm closely misses you.
You closely miss the kobold. The kobold hits you but does no damage.
You barely miss the kobold.
The kobold hits you with an enchanted whip.
The worm bites you. The kobold barely misses you.
You sock the kobold!
You kill the kobold!
The worm barely misses you. The worm bites you!
* * * LOW HITPOINT WARNING * * *
Things that are here:
an enchanted whip; a kobold corpse You barely miss the worm.
You hit the worm.
The worm is lightly wounded.
The worm bites you.
* * * LOW HITPOINT WARNING * * *
Your scale mail prevents you from hitting the worm.
The worm barely misses you.
You hit the worm.
The worm is lightly wounded.
The worm bites you!
You die...

..#..##.##
.#...... .
....... .
...(.# .#.#
....##.#.#
.(.......
###........
#..@....#.#
####...w.....#
#.....(....###
#.####...###
.. #...# #
#####


You could see a worm.

Vanquished Creatures
  A dart slug (D:1)
  A bat (D:1)
  A goblin (D:1)
  4 hobgoblins (D:1)
  3 kobolds
  A rat (D:1)
11 creatures vanquished.

Notes
Turn   | Place    | Note
-------+----------+-------------------------------------------
     0 | D:1      | Mgcat the Mummy Fighter began the quest for the Orb.
     0 | D:1      | Reached XP level 1. HP: 18/18 MP: 1/1
   120 | D:1      | Reached skill level 2 in Maces & Flails
   120 | D:1      | Reached XP level 2. HP: 18/24 MP: 2/2
   322 | D:1      | You fall through a shaft!
   335 | D:2      | HP: 6/24 [worm (1)]
   337 | D:2      | Slain by a worm

Vault maps used:
D:1:      moated_graveyard_arrival
D:2:      old_standard_altar, first_ration

Skill      XL: |  1 |
---------------+----+-----
Maces & Flails | 2 |  2.0
Fighting       | |  3.4
Armour         | |  2.4
Shields        | |  2.4

Action                   || total
-------------------------++-------
Melee: Flail             ||    35
  Use: Scroll            ||     2
Armor: Scale mail        ||    15
Dodge: Dodged            ||    10
Block: Shield            ||     6

Table legend:
 A = Spawn XP
 B = Non-spawn XP
 C = Spawn XP percentage of total XP
 D = Spawn monster count
 E = Non-spawn monster count
 F = Spawn count percentage of total count
 G = Total turns spent on level
                    A         B        C        D         E        F      G
               +---------+---------+-------+---------+---------+-------+---------
         Total |       0 |      21 |   0.0 |       0 |      11 |   0.0 |   337
               +---------+---------+-------+---------+---------+-------+---------
           D:1 |       0 |      18 |   0.0 |       0 |       9 |   0.0 |   322
           D:2 |       0 |       3 |   0.0 |       0 |       2 |   0.0 |    15
               +---------+---------+-------+---------+---------+-------+---------

Vault maps used:
D:1:      moated_graveyard_arrival
D:2:      old_standard_altar, first_ration

Table legend:
 A = Turns spent in this place as a percentage of turns spent in the entire game.
 B = Non-inter-level travel turns spent in this place as a percentage of non-inter-level travel turns spent in the entire game.
 C = Inter-level travel turns spent in this place as a percentage of turns spent in this place.
 D = Turns resting spent in this place as a percentage of non-inter-level travel turns spent in this place.
 E = Turns spent auto-exploring this place as a percentage of non-inter-level travel turns spent in this place.
 F = Non-inter-level travel turns spent in this place divided by the number of levels of this place that you've seen.
                   A       B       C       D       E      F
               +-------+-------+-------+-------+-------+----------------------
         Total | 100.0 | 100.0 |   0.0 |   0.0 |  74.8 | 168.5
       Dungeon | 100.0 | 100.0 |   0.0 |   0.0 |  74.8 | 168.5
               +-------+-------+-------+-------+-------+----------------------

Table legend:
 A = Kills in this place as a percentage of kills in entire the game.
 B = Kills by you in this place as a percentage of kills by you in the entire game.
 C = Kills by friends in this place as a percentage of kills by friends in the entire game.
 D = Other kills in this place as a percentage of other kills in the entire game.
 E = Experience gained in this place as a percentage of experience gained in the entire game.
 F = Experience gained in this place divided by the number of levels of this place that you have seen.
                   A       B       C       D       E      F
               +-------+-------+-------+-------+-------+----------------------
         Total | 100.0 | 100.0 |   N/A |   N/A | 100.0 |  10.5
       Dungeon | 100.0 | 100.0 |   N/A |   N/A | 100.0 |  10.5
               +-------+-------+-------+-------+-------+----------------------
